 Dungeon Crawl Stone Soup version 0.29-a0-243-g602b31c20e (webtiles) character file.

Game seed: 14022049033753308611

167 sammy202020 the Skirmisher (level 5, -1/64 HPs)
             Began as a Demonspawn Berserker on Mar 5, 2022.
             Was a Believer of Trog.
             Killed from afar by a white imp (2 damage)
             ... with a puff of frost
             ... summoned by Eustachio
             ... on level 4 of the Dungeon.
             The game lasted 00:04:56 (2168 turns).

sammy202020 the Skirmisher (Demonspawn Berserker)   Turns: 2168, Time: 00:04:57

Health: -1/64      AC:  6    Str: 20    XL:     5   Next: 23%
Magic:  0/5        EV: 12    Int: 14    God:    Trog [**....]
Gold:   218        SH:  0    Dex: 12    Spells: 4/4 levels left

rFire   . . .      SeeInvis .   a - +0 hand axe
rCold   . . .      Faith    .   (no shield)
rNeg    + . .      Spirit   +   f - +1 troll leather armour
rPois   .          Reflect  .   (no helmet)
rElec   .          Harm     .   (no cloak)
rCorr   .          Rampage  .   (no gloves)
Will    ++...                   (no boots)
Stlth   ..........              j - amulet of guardian spirit
HPRegen 2.00/turn               d - +6 ring of intelligence
MPRegen 0.18/turn               l - ring of positive energy

@: berserking, strong-willed, regenerating, very quick
A: rugged brown scales 1, magic regeneration
a: Renounce Religion, Berserk, Trog's Hand


You were on level 4 of the Dungeon.
You worshipped Trog.
Trog was pleased with you.
You visited 1 branch of the dungeon, and saw 4 of its levels.

You collected 218 gold pieces.

Inventory:

Hand Weapons
 a - a +0 hand axe (weapon)
Missiles
 e - 5 poisoned darts (quivered)
 g - 6 boomerangs
Armour
 f - a +1 troll leather armour (worn)
 o - a +0 plate armour
Jewellery
 d - a +6 ring of intelligence (left hand)
 j - an amulet of guardian spirit (around neck)
 l - a ring of positive energy (right hand)
Wands
 m - a wand of iceblast (6)
 q - a wand of paralysis (5)
Scrolls
 b - a scroll of teleportation
 r - 2 scrolls of identify
Potions
 c - a potion of might {unknown}
 h - a potion of flight
 i - a potion of curing {unknown}
 k - a potion of lignification {unknown}
 n - a potion of attraction {unknown}
 s - a potion of berserk rage {unknown}
 t - 4 potions of heal wounds {unknown}


   Skills:
 + Level 3.9 Fighting
 + Level 3.5 Axes
 + Level 2.9 Armour
 + Level 2.9 Dodging


You had 4 spell levels left.
You didn't know any spells.
Your spell library was empty.

Dungeon Overview and Level Annotations

Branches:
Dungeon (4/15)
 Temple: D:4-7

Altars:
Uskayaw

Annotations:
D:4 Eustachio


Innate Abilities, Weirdness & Mutations

You are partially covered in rugged brown scales. (AC +1, +3% HP)
You regenerate magic rapidly.


Message History

Eustachio hits you with a +2 rapier of speed!
A red film seems to cover your vision as you go berserk!
You feel yourself moving faster!
You feel mighty!
The iron imp hits you but does no damage.
The white imp hits you. The white imp freezes you.
Eustachio casts a spell.
You hit Eustachio.
Eustachio is lightly wounded.
You hit the white imp. You hit the iron imp. The white imp hits you.
The white imp freezes you.
* * * LOW HITPOINT WARNING * * *
Eustachio says, "Summoning is fun!"
Eustachio closely misses you.
You barely miss Eustachio.
Eustachio is lightly wounded.
You barely miss the iron imp. You hit the white imp. The iron imp hits you.
* * * LOW HITPOINT WARNING * * *
Eustachio hits you with a +2 rapier of speed!
* * * LOW HITPOINT WARNING * * *
You hit Eustachio but do no damage.
Eustachio is lightly wounded.
You closely miss the iron imp. You closely miss the white imp.
The white imp sputters.
The white imp gestures at you. The puff of frost hits you.
* * * LOW HITPOINT WARNING * * *
Eustachio mumbles some strange words.
You closely miss Eustachio.
Eustachio is lightly wounded.
You hit the iron imp. You closely miss the white imp. The iron imp hits you.
* * * LOW HITPOINT WARNING * * *
The white imp hits you but does no damage.
You hit Eustachio.
Eustachio is moderately wounded.
You hit the iron imp. You hit the white imp. Eustachio barely misses you.
Eustachio closely misses you. The iron imp hits you!
* * * LOW HITPOINT WARNING * * *
The white imp gestures at you. The puff of frost hits you.
You die...

..# #...# #...# #................
..###...# #...###................
.................................
.......................#.........
........ .......#.........
..###.. #..... #........) ..# #.
#...####......... ..###...
##...###...#..'......... ........
....rr@@...#.##......... ........
.....b55.....###'####### ##..##.#
############## #.# #... # #.#
..## #.# ..# ..# .# ###


You could see Eustachio, an iron imp (summoned), a river rat (summoned), a white
imp (summoned), a bat (summoned) and a rat (summoned).

Vanquished Creatures
  2 orc wizards (D:2)
  5 adders
  A shadow imp (D:3)
  A dart slug (D:1)
  2 orcs (D:2)
  10 ball pythons
  7 endoplasms
  3 giant cockroaches
  6 goblins
  2 hobgoblins
  6 jackals
  4 kobolds
  2 quokkas
  4 bats
  7 rats
62 creatures vanquished.

Notes
Turn   | Place    | Note
-------+----------+-------------------------------------------
     0 | D:1      | sammy202020 the Demonspawn Berserker began the quest for
                  | the Orb.
     0 | D:1      | Reached XP level 1. HP: 18/18 MP: 1/1
   162 | D:1      | Gained mutation: You regenerate magic rapidly. [demonic
                  | ancestry]
   162 | D:1      | Reached XP level 2. HP: 23/24 MP: 2/2
   553 | D:2      | Reached XP level 3. HP: 23/29 MP: 3/3
   607 | D:2      | Reached ** piety under Trog
   706 | D:2      | Reached XP level 4. HP: 25/36 MP: 2/4
  1432 | D:3      | Gained mutation: You are partially covered in rugged brown
                  | scales. (AC +1, +3% HP) [demonic ancestry]
  1432 | D:3      | Reached XP level 5. HP: 29/43 MP: 3/5
  1814 | D:3      | Found a hide-covered altar of Uskayaw.
  2155 | D:4      | Noticed Eustachio
  2168 | D:4      | HP: 1/64 [iron imp[Eustachio] (6)]
  2168 | D:4      | Killed from afar by a white imp

Illustrated notes

Levels and vault maps discovered:
D:1:      matt_arrival_grand_opening, layout_rooms
D:2:      layout_basic
D:3:      layout_loops_ring, mainiacjoe_overflow_surrounded_room,
          dreamdust_wishing_well, minmay_crystal_room,
          kennysheep_cross_bottleneck, minmay_shallow_snake_nest
D:4:      layout_basic, mainiacjoe_overflow_alcove_1,
          nicolae_sif_muna_condensation, grunt_ministairs_2, kennysheep_boxes,
          uniq_eustachio

Skill      XL: |  1  2 |
---------------+-------+-----
Armour         | 2 |  2.9
Dodging        | 2 |  2.9
Axes           | 3 |  3.5
Fighting       | |  3.9

Action                   |  1- 3 |  4- 6 || total
-------------------------+-------+-------++-------
Melee: Hand axe          |    84 |   104 ||   188
       Punch             |       |     1 ||     1
Invok: Berserk           |     1 |     1 ||     2
       Trog's Hand       |     1 |     1 ||     2
  Use: Scroll            |       |     5 ||     5
Armor: Troll leather arm |    24 |    30 ||    54
Dodge: Dodged            |    64 |    64 ||   128

Table legend: (Time is in decaauts)
 A = Elapsed time spent in this place.
 B = Non-inter-level travel time spent in this place.
 C = Inter-level travel time spent in this place.
 D = Time resting spent in this place.
 E = Time spent auto-exploring this place.
 F = Levels seen in this place.
 G = Mean time per level.
                   A        B        C        D        E       F      G
               +--------+--------+--------+--------+--------+-----+--------+
         Total |   2197 |   2060 |    137 |      3 |   1494 |   4 |  549.2 |
       Dungeon |   2197 |   2060 |    137 |      3 |   1494 |   4 |  549.2 |
               +--------+--------+--------+--------+--------+-----+--------+

Top non-repeatable levels by time:
     D:3: 965 daAuts
     D:2: 576 daAuts
     D:1: 540 daAuts
     D:4: 114 daAuts
